 Dungeon Crawl Stone Soup version 0.29.1-1-gd02db6906a (webtiles) character file.

Game seed: 13641788617678576947

2947 byup the Poker (level 9, -1/88 HPs)
             Began as a Troll Berserker on Oct 13, 2022.
             Was an Elder of Trog.
             Slain by a killer bee (6 damage)
             ... on level 7 of the Dungeon.
             The game lasted 00:44:52 (5348 turns).

byup the Poker (Troll Berserker)                    Turns: 5348, Time: 00:44:53

Health: -1/88      AC:  5    Str: 29    XL:     9   Next: 51%
Magic:  8/8        EV: 15    Int:  3    God:    Trog [****..]
Gold:   278        SH:  0    Dex: 11    Spells: 8/8 levels left

rFire   . . .      SeeInvis .   u - +2 trident (venom)
rCold   . . .      Faith    .   (no shield)
rNeg    . . .      Spirit   .   r - +1 robe {Will+}
rPois   .          Reflect  .   (helmet restricted)
rElec   .          Harm     .   (no cloak)
rCorr   .          Rampage  .   (gloves unavailable)
Will    +++..                   (boots unavailable)
Stlth   ++........              (no amulet)
HPRegen 2.04/turn               n - +4 ring of evasion
MPRegen 0.11/turn               (no ring)

@: lethally poisoned (-1 -> -1), strong-willed, regenerating
A: large, unfitting armour, claws 3, regeneration 1, shaggy fur 1, tough skin 1
a: Renounce Religion, Berserk, Trog's Hand, Brothers in Arms


You were on level 7 of the Dungeon.
You worshipped Trog.
Trog was greatly pleased with you.
You visited 1 branch of the dungeon, and saw 7 of its levels.

You collected 278 gold pieces.

Inventory:

Hand Weapons
 l - the +2 sling "Juanedui" {speed, rN+++ rCorr MP-9}
   (You found it on level 2 of the Dungeon)

   Attacks with this weapon are significantly faster.
   rN:        It renders you almost immune to negative energy.
   MP:        It affects your magic capacity (-9).
   rCorr:     It protects you from acid and corrosion.
 m - a +0 trident of freezing
 s - a +1 dagger of freezing
 u - a +2 trident of venom (weapon)
 x - a +1 whip of freezing
 y - a +2 dagger of freezing
Missiles
 f - 42 stones (quivered)
 v - 9 poisoned darts
Armour
 a - a +0 animal skin
 r - a +1 robe of willpower (worn)
Jewellery
 n - a +4 ring of evasion (left claw)
Wands
 B - a wand of iceblast (7)
Scrolls
 b - 2 scrolls of immolation {unknown}
 c - 3 scrolls of noise {unknown}
 e - 8 scrolls of identify {unknown}
 i - 2 scrolls of vulnerability {unknown}
 p - 3 scrolls of teleportation {unknown}
 q - 3 scrolls of poison {unknown}
 w - 2 scrolls of acquirement {unknown}
 D - 2 scrolls of fear {unknown}
Potions
 d - 3 potions of attraction {unknown}
 g - 4 potions of flight {unknown}
 h - a potion of ambrosia {unknown}
 j - a potion of curing {unknown}
 k - a potion of brilliance {unknown}
 o - a potion of berserk rage {unknown}
 t - 2 potions of resistance {unknown}
 z - 2 potions of lignification {unknown}
 A - a potion of degeneration {unknown}
 C - a potion of invisibility {unknown}


   Skills:
 + Level 5.2 Fighting
 + Level 6.6 Polearms
 + Level 1.1 Ranged Weapons
 + Level 1.5 Throwing
 + Level 6.1 Dodging
 + Level 1.2 Stealth
 + Level 5.2 Unarmed Combat


You had 8 spell levels left.
You didn't know any spells.
Your spell library was empty.

Dungeon Overview and Level Annotations

Branches:
Dungeon (7/15)
 Temple: D:4-7

Altars:

Annotations:
D:7 Joseph


Innate Abilities, Weirdness & Mutations

You are too large for most types of armour.
You have claws for hands.
Your natural rate of healing is unusually fast.
You are covered in fur. (AC +1)
You have tough skin. (AC +1)


Message History

The killer bee barely misses you.
The killer bee attacks as you move away!
The killer bee stings you.
* * * LOW HITPOINT WARNING * * *
You are more poisoned.
The killer bee poisons you!
You feel very sick. The killer bee completely misses you.
You closely miss the killer bee.
The killer bee is heavily wounded.
You feel very sick. The killer bee barely misses you.
The killer bee closely misses you.
You closely miss the killer bee.
The killer bee is heavily wounded.
You feel very sick. The killer bee stings you.
* * * LOW HITPOINT WARNING * * *
You are more poisoned.
The killer bee poisons you! The killer bee closely misses you.
You feel very sick.
The killer bee attacks as you move away!
The killer bee stings you.
* * * LOW HITPOINT WARNING * * *
You feel very sick.
The killer bee stings you but does no damage.
The killer bee closely misses you. The killer bee barely misses you.
You feel sick. The killer bee stings you.
* * * LOW HITPOINT WARNING * * *
You are more poisoned.
The killer bee poisons you! The killer bee misses you.
The killer bee barely misses you.
The killer bee attacks as you move away!
The killer bee misses you.
You feel very sick. The killer bee misses you.
The killer bee attacks as you move away!
The killer bee misses you.
You feel very sick. The killer bee stings you.
You die...

### #.. #.# ######## #.#
......< #.# ######.....
#### #.#### #..........
.....##..y.######.####.....
#.....yy.......# #.)...
#....y#@######## ###.##
##.##.#.# #######..## ..@
#O#.## ........... ###
#....# #######.### ###..#
#.# #..# #######.### ....(
........... #..###
.#####..### ..# #..#


You could see 3 killer bees.

Vanquished Creatures
  Pikel (D:4)
  Sigmund (D:3)
  2 water moccasins
  4 black bears
  2 ogres
  An ice beast (D:6)
  4 lemures (D:4)
  A phantom (D:5)
  A kobold brigand (D:6)
  2 necrophages
  A bullfrog (D:7)
  2 scorpions
  6 killer bees (D:7)
  A howler monkey (D:4)
  2 jellies (D:6)
  A gnoll bouda (D:6)
  3 orc priests
  2 hounds
  2 iguanas (D:6)
  5 orc wizards
  7 gnolls
  8 adders
  3 white imps
  2 ufetubi
  2 worms
  4 dart slugs
  20 orcs
  6 ball pythons
  6 bats
  5 endoplasms
  3 giant cockroaches
  7 goblins
  11 hobgoblins
  7 jackals (D:1)
  8 kobolds
  4 quokkas
  2 rats
149 creatures vanquished.

Vanquished Creatures (others)
  2 plants (D:1)
2 creatures vanquished.

Grand Total: 151 creatures vanquished

Notes
Turn   | Place    | Note
-------+----------+-------------------------------------------
     0 | D:1      | byup the Troll Berserker began the quest for the Orb.
     0 | D:1      | Reached XP level 1. HP: 22/22 MP: 0/0
    82 | D:1      | Reached XP level 2. HP: 29/29 MP: 1/1
   558 | D:1      | Reached XP level 3. HP: 36/36 MP: 2/2
   937 | D:2      | Found a faded altar of an unknown god.
   981 | D:2      | Identified the +2 sling "Juanedui" {speed, rN+++ rCorr
                  | MP-9}
  1278 | D:2      | Reached ** piety under Trog
  1427 | D:2      | Reached XP level 4. HP: 38/44 MP: 0/3
  2044 | D:3      | Reached XP level 5. HP: 41/53 MP: 4/4
  2078 | D:3      | Found the +1 Delatra's gloves {ID++}
  2178 | D:3      | Noticed Sigmund
  2343 | D:3      | Killed Sigmund
  2344 | D:3      | Reached skill level 1 in Polearms
  2344 | D:3      | Reached XP level 6. HP: 61/61 MP: 5/5
  2377 | D:3      | Reached skill level 1 in Ranged Weapons
  2377 | D:3      | Reached skill level 5 in Unarmed Combat
  2648 | D:3      | You fall into a shaft and drop 1 floor!
  2733 | D:4      | Reached skill level 1 in Throwing
  2733 | D:4      | Reached XP level 7. HP: 30/67 MP: 6/6
  2741 | D:4      | Reached *** piety under Trog
  2889 | D:4      | Noticed Pikel
  3035 | D:4      | Killed Pikel
  3036 | D:4      | Reached XP level 8. HP: 37/78 MP: 7/7
  3234 | D:4      | Reached skill level 5 in Dodging
  3404 | D:5      | Entered Level 5 of the Dungeon
  3496 | D:5      | Reached skill level 1 in Stealth
  3497 | D:5      | Reached skill level 5 in Polearms
  3933 | D:5      | Reached XP level 9. HP: 80/87 MP: 8/8
  4308 | D:6      | Reached skill level 5 in Fighting
  4331 | D:6      | Reached **** piety under Trog
  5318 | D:7      | Noticed Joseph
  5348 | D:7      | Slain by a killer bee

Illustrated notes

Levels and vault maps discovered:
D:1:      dpeg_arrival_simpleton_b, layout_basic, serial_forest,
          infiniplex_forest_straight_3, infiniplex_forest_lined_1,
          infiniplex_forest_clump_diagonal, infiniplex_forest_lined_ring,
          grunt_decor_resistance, chequers_mini_garden
D:2:      layout_basic, chequers_ecumenical_altar_simple_redux,
          guppyfry_early_orc_mine
D:3:      layout_loops_ring, pf_guarded_unrand_delatra, uniq_sigmund,
          uniq_grinder
D:4:      cheibrodos_pilgrimage, layout_basic, minmay_cut_off, uniq_pikel
D:5:      layout_rooms
D:6:      layout_basic
D:7:      layout_loops_ring, minmay_temple_entry_overgrown, grunt_ministairs_14,
          uniq_joseph

Skill      XL: |  1  2  3  4  5  6  7  8  9 |
---------------+----------------------------+-----
Dodging        | 3 4 5 6 |  6.1
Unarmed Combat | 4 5 |  5.2
Fighting       | 3 4 5 |  5.2
Polearms       | 1 3 5 6 |  6.6
Ranged Weapons | 1 |  1.1
Throwing       | 1 |  1.5
Stealth        | 1 |  1.2

Action                   |  1- 3 |  4- 6 |  7- 9 || total
-------------------------+-------+-------+-------++-------
Melee: Unarmed           |    79 |    59 |       ||   138
       Punch             |     3 |     5 |     7 ||    15
       Trident           |    29 |    36 |   296 ||   361
 Fire: Sling             |    11 |     4 |       ||    15
Throw: Stone             |     3 |     9 |    11 ||    23
Invok: Trog's Hand       |       |       |     3 ||     3
Armor: Animal skin       |    62 |    15 |       ||    77
       Robe              |       |    17 |    90 ||   107
Dodge: Dodged            |    94 |    77 |   314 ||   485
